AoeStats
← SimonPP95

Arabia

510352407Analyzed
4v4 RM · 2d ago on Sep 30, 2026· 62m 32s· 8 players
Game mode
Random Map
Map size
Large (8 player)
Population
200
Speed
Normal
Resources
Standard
Victory
Conquest
Starting age
Dark Age
Ending age
Imperial Age
RankedLock teamsTeams togetherTeam positionsShared explorationLock speedFull tech treeHidden civsTurbo modeCheats
Victory
Defeat
🇨🇳 Vikings · China
968
+12
🇳🇱 Japanese · Netherlands
968
+12
🇹🇼 Persians · Taiwan
949
+13
🇨🇳 Byzantines · China
849
+16
🇳🇱 Poles · Netherlands
926
-15
🇦🇷 Mongols · Argentina
883
-14
🇦🇷 Danes · Argentina
871
-13
🇧🇪 Ethiopians · Belgium
824
-11
marcos_trujillo
11:00 Feudal Age
13:50 Loom
20:03 Castle Age
25:35 Imperial Age
23:51 Double-Bit Axe
23:49 Horse Collar
25:07 Scale Mail Armor
26:39 Pikeman
30:05 Squires
30:19 Forging
30:51 Halberdier
32:21 Bow Saw
not.matiasz
SimonPP95
0:35 Loom
Henkwersdf
gvvugts93
党卫军
roger777
7:24 Loom
11:32 Feudal Age
16:50 Castle Age
17:29 Bloodlines
26:11 Forging
30:19 Wheelbarrow
30:56 Horse Collar
32:59 Hand Cart
33:10 Scale Barding Armor
33:06 Scale Mail Armor
34:18 Iron Casting
34:49 Chain Barding Armor
36:03 Heavy Plow
36:52 Fletching
39:35 Imperial Age
39:25 Town Watch
40:29 Plate Barding Armor
40:54 Blast Furnace
39:17 Cavalier
39:58 Husbandry
39:25 Heavy Scorpion
40:39 Scale Mail Armor
42:13 Chemistry
41:17 Savar
42:37 Ballistics
42:34 Bodkin Arrow
43:40 Padded Archer Armor
44:12 Town Patrol
44:10 Double-Bit Axe
44:59 Crop Rotation
46:01 Leather Archer Armor
46:01 Chain Mail Armor
46:55 Town Patrol
48:38 Conscription
48:31 Citadels
49:26 Gold Mining
49:27 Stone Mining
49:50 Bow Saw
52:13 Spies/Treason
57:03 Two-Man Saw
56:01 Herbal Medicine
57:16 Elite War Elephant
57:57 Kamandaran
58:33 Hoardings
57:28 Sappers
1829032
2:50 Loom
11:31 Feudal Age
12:12 Double-Bit Axe
12:48 Horse Collar
20:06 Castle Age
19:20 Forging
21:54 Wheelbarrow
21:43 Bow Saw
21:49 Scale Barding Armor
23:06 Scale Mail Armor
23:00 Fletching
24:33 Murder Holes
26:49 Hand Cart
27:55 Caravan
28:25 Coinage
29:47 Iron Casting
34:31 Imperial Age
33:13 Chain Mail Armor
33:37 Ballistics
32:59 Treadmill Crane
34:38 Fortified Wall
36:27 Chemistry
37:57 Conscription
42:44 Bombard Tower
43:29 Plate Mail Armor
44:25 Squires
45:41 Bodkin Arrow
46:42 Hoardings
47:21 Coinage
48:20 Bracer
50:35 Heavy Camel Rider
51:17 Husbandry
50:40 Light Cavalry
50:42 Cavalier
51:37 Logistica
51:45 Hussar
55:22 Padded Archer Armor
55:44 Chain Barding Armor
55:30 Paladin
56:54 Heavy Plow
57:41 Elite Cataphract
59:28 Banking
60:13 Pikeman
60:15 Elite Varangian Guard
60:42 Arson
61:16 Spies/Treason
63:37 Two-Man Saw
Connection lost

Rejoining the realm…

Still unreachable

The connection could not be restored.

Session expired

The server has moved on; the page needs a fresh start.